 Dungeon Crawl Stone Soup version 0.28-a0-312-gbced6e68ee (webtiles) character file.

Game seed: 10551605837135733286

166 bande the Shield-Bearer (level 5, 0/33 HPs)
             Began as a Gargoyle Fighter on Aug 31, 2021.
             Killed from afar by an orc wizard (6 damage)
             ... with a puff of flame
             ... on level 3 of the Dungeon.
             The game lasted 00:05:04 (3539 turns).

bande the Shield-Bearer (Gargoyle Fighter)          Turns: 3539, Time: 00:05:05

Health: 0/33       AC: 15    Str: 20    XL:     5   Next: 47%
Magic:  5/5        EV:  3    Int:  8    God:
Gold:   167        SH:  8    Dex: 10    Spells: 4/4 levels left

rFire   + . .      SeeInvis .   a - +0 war axe
rCold   . . .      Faith    .   c - +0 kite shield
rNeg    + . .      Spirit   .   g - +0 plate armour
rPois   ∞          Reflect  .   (no helmet)
rElec   +          Harm     .   (no cloak)
rCorr   .          Rampage  .   (no gloves)
Will    .....                   (no boots)
Stlth   ..........              (no amulet)
HPRegen 0.11/turn               j - ring of protection from fire
MPRegen 0.09/turn               (no ring)

@: no status effects
A: sickness immunity, AC +4, negative energy resistance 1, electricity
resistance, torment resistance 1, petrification resistance
a: no special abilities


You were on level 3 of the Dungeon.
You visited 1 branch of the dungeon, and saw 3 of its levels.

You collected 167 gold pieces.

Inventory:

Hand Weapons
 a - a +0 war axe (weapon)
Armour
 c - a +0 kite shield (worn)
 g - a +0 plate armour (worn)
Jewellery
 j - a ring of protection from fire (left hand)
Wands
 b - a wand of charming (9)
Scrolls
 e - 3 scrolls of identify
 i - a scroll of teleportation {unknown}
 k - a scroll of fear
Potions
 d - a potion of might
 f - a potion of brilliance
 h - a potion of curing {unknown}


   Skills:
 + Level 4.0 Fighting
 + Level 3.5 Axes
 + Level 4.0 Armour
 - Level 0.1 Dodging
 - Level 0.2 Stealth
 + Level 4.1 Shields
 * Level 0.2 Evocations


You had 4 spell levels left.
You didn't know any spells.
Your spell library was empty.

Dungeon Overview and Level Annotations

Branches:
Dungeon (3/15)

Altars:


Innate Abilities, Weirdness & Mutations

You are immune to sickness and miasma.
Your stone body is resilient. (AC +4)
You are immune to poison.
You resist negative energy. (rN+)
You are resistant to electric shocks. (rElec)
You are resistant to unholy torment.
You are immune to petrification.


Message History

Your plate armour prevents you from hitting the orc priest.
The orc priest is moderately wounded.
You miss something. You block the orc priest's attack.
Something hits you but does no damage.
The orc priest hits you but does no damage.
You completely miss the orc priest.
The orc priest is moderately wounded.
You closely miss something.
You hear some strange, mumbled words.
A magic dart appears from out of thin air!
The magic dart hits you.
The orc priest hits you but does no damage.
Something hits you but does no damage.
The orc priest calls down the wrath of Beogh upon you.
Pain shoots through your body!
You closely miss the orc priest.
The orc priest is moderately wounded.
You hit something. Something hits you.
The orc priest hits you but does no damage.
You slash the orc priest!
The orc priest is almost dead.
You miss something. Something hits you but does no damage.
You block the orc priest's attack. Something hits you but does no damage.
The orc priest invokes the aid of Beogh against you.
Pain shoots through your body!
* * * LOW HITPOINT WARNING * * *
You barely miss the orc priest.
The orc priest is almost dead.
You closely miss something.
You hear some strange, mumbled words.
A puff of flame appears from out of thin air!
You block the puff of flame.
The orc priest hits you but does no damage.
You hit the orc priest.
You kill the orc priest!
You closely miss something.
You hear some strange, mumbled words.
A puff of flame appears from out of thin air!
The puff of flame hits you. You resist.
You die...

#.# ##.##
####...########
#.............#
.#.##...######.#
........##.....
#...≈≈......#
#..≈≈....####
.≈≈...{@#
..≈≈..))#
.≈≈......
..........
##.........
.'.........'
##.........##
##.......##


There were no monsters in sight!

Vanquished Creatures
  An orc priest (D:3)
  An orc wizard (D:3)
  2 adders (D:3)
  3 gnolls (D:2)
  A worm (D:3)
  A dart slug (D:1)
  8 orcs (D:3)
  4 endoplasms
  2 giant cockroaches
  4 goblins
  7 hobgoblins
  14 jackals
  4 quokkas
  7 ball pythons
  6 frilled lizards
  8 kobolds
  6 rats
79 creatures vanquished.

Notes
Turn   | Place    | Note
-------+----------+-------------------------------------------
     0 | D:1      | bande the Gargoyle Fighter began the quest for the Orb.
     0 | D:1      | Reached XP level 1. HP: 14/14 MP: 1/1
    59 | D:1      | Reached XP level 2. HP: 9/19 MP: 2/2
   553 | D:1      | Reached XP level 3. HP: 24/24 MP: 3/3
  1763 | D:2      | Reached XP level 4. HP: 29/29 MP: 4/4
  2801 | D:3      | Found a faded altar of an unknown god.
  2860 | D:3      | Reached XP level 5. HP: 13/33 MP: 5/5
  3539 | D:3      | Killed from afar by an orc wizard

Illustrated notes

Levels and vault maps discovered:
D:1:      dpeg_arrival_leaves_temple_mockup, layout_basic
D:2:      layout_basic
D:3:      layout_loops_corners, palyth_temple_overflow_mages,
          chequers_ecumenical_altar_island, st_stairs_3, dk_vineyard_3,
          minmay_pentangle

Skill      XL: |  1  2  3  4  5 |
---------------+----------------+-----
Axes           | 2 3 |  3.5
Fighting       | 4 |  4.0
Shields        | 4 |  4.1
Armour         | 4 |  4.0
Dodging        | |  0.1
Stealth        | |  0.2
Evocations     | |  0.2

Action                   |  1- 3 |  4- 6 || total
-------------------------+-------+-------++-------
Melee: War axe           |   148 |   115 ||   263
  Use: Scroll            |     3 |       ||     3
       Potion            |     1 |       ||     1
Armor: Scale mail        |    89 |       ||    89
       Plate armour      |    24 |   107 ||   131
Dodge: Dodged            |    52 |    19 ||    71
Block: Kite shield       |    93 |    52 ||   145

Table legend: (Time is in decaauts)
 A = Elapsed time spent in this place.
 B = Non-inter-level travel time spent in this place.
 C = Inter-level travel time spent in this place.
 D = Time resting spent in this place.
 E = Time spent auto-exploring this place.
 F = Levels seen in this place.
 G = Mean time per level.
                   A        B        C        D        E       F      G
               +--------+--------+--------+--------+--------+-----+--------+
         Total |   3703 |   3614 |     89 |    993 |   1775 |   3 | 1234.3 |
       Dungeon |   3703 |   3614 |     89 |    993 |   1775 |   3 | 1234.3 |
               +--------+--------+--------+--------+--------+-----+--------+

Top non-repeatable levels by time:
     D:1: 1553 daAuts
     D:2: 1186 daAuts
     D:3: 963 daAuts
